 Dungeon Crawl Stone Soup version 0.17.1-3-g152610e (webtiles) character file.

53 WarriorsX the Slasher (level 4, -5/35 HPs)
             Began as a Human Fighter on Feb 21, 2016.
             Slain by bollicks1999's ghost (7 damage)
             ... on level 3 of the Dungeon.
             The game lasted 00:05:12 (1672 turns).

WarriorsX the Slasher (Human Fighter)               Turns: 1672, Time: 00:05:12

Health: -5/35      AC:  8    Str: 17    XL:     4   Next: 10%
Magic:  4/4        EV: 12    Int:  8    God:
Gold:   114        SH:  0    Dex: 13    Spells: 0 memorised, 3 levels left

rFire  . . .     SeeInvis .     a - +0 long sword
rCold  . . .     Clarity  .     b - +0 scale mail
rNeg   . . .     SustAt   .     (no shield)
rPois  .         Gourm    .     (no helmet)
rElec  .         Spirit   .     (no cloak)
rCorr  .         Warding  .     o - +1 pair of gloves
rMut   .         Stasis   .     (no boots)
MR     .....                    (no amulet)
Stlth  ..........               s - ring of invisibility
                                i - +2 ring of evasion

@: not resistant to hostile enchantments, extremely unstealthy
A: no striking features
a: Evoke Invisibility


You were on level 3 of the Dungeon.
You were hungry.

You visited 1 branch of the dungeon, and saw 3 of its levels.

You collected 114 gold pieces.

Inventory:

Hand Weapons
 a - a +0 long sword (weapon)
Armour
 b - a +0 scale mail (worn)
 c - a +0 shield
 o - a +1 pair of gloves (worn)
Jewellery
 h - an uncursed amulet of faith {unknown}
 i - a +2 ring of evasion (left hand)
 r - an uncursed ring of protection from cold
 s - a ring of invisibility (right hand)
Scrolls
 f - a scroll of recharging
 g - 2 scrolls of immolation
 n - a scroll of blinking {unknown}
Potions
 d - a potion of might
 j - 3 potions of flight
 q - a potion of curing
 t - a potion of heal wounds
Comestibles
 e - 2 bread rations
 k - 2 royal jellies
 m - 4 fruits


   Skills:
 - Level 3.0 Fighting
 + Level 3.4 Long Blades
 - Level 3.0 Armour
 + Level 1.9 Dodging
 - Level 3.0 Shields


You had 3 spell levels left.
You didn't know any spells.

Dungeon Overview and Level Annotations

Branches:
Dungeon (3/15)

Altars:
Dithmenos

Annotations:
D:3 bollicks1999's ghost, amateur MiFi


Message History

Bollicks1999's ghost is lightly damaged.
Bollicks1999's ghost hits you.
You closely miss bollicks1999's ghost.
Bollicks1999's ghost is lightly damaged.
Bollicks1999's ghost hits you!
You hit bollicks1999's ghost but do no damage.
Bollicks1999's ghost is lightly damaged.
Bollicks1999's ghost hits you!
You hit bollicks1999's ghost but do no damage.
Bollicks1999's ghost is lightly damaged.
Bollicks1999's ghost hits you!
* * * LOW HITPOINT WARNING * * *
You are too injured to fight recklessly!
You are too injured to fight recklessly!
As you read the scroll of fear, it crumbles to dust.
You assume a fearsome visage.
Bollicks1999's ghost is unaffected.
Bollicks1999's ghost hits you but does no damage.
Bollicks1999's ghost closely misses you.
Bollicks1999's ghost hits you!
You die...

..# #.####.#
#.##........
#######......#
#.........##
............##
#...†.....#
##.#.######.#
#.........# .#+#.###
#.# #.........#
.......#
#.##########.........#
.......#
#.#..................#
.......#
#.#..................##
.......#
#.....@......#....<....
.....###
#.....W......#....†...#
######
#......................
#...........##........#
###.........##........#
########.......(....#
#............#
#............# ###


You could see bollicks1999's ghost.

Vanquished Creatures
  A worm (D:3)
  2 giant geckos
  3 giant cockroaches
  4 hobgoblins
  5 jackals (D:1)
  6 bats
  3 giant newts
  6 goblins
  9 kobolds
  11 rats
50 creatures vanquished.

Notes
Turn   | Place    | Note
--------------------------------------------------------------
     0 | D:1      | WarriorsX the Human Fighter began the quest for the Orb.
     0 | D:1      | Reached XP level 1. HP: 18/18 MP: 1/1
   154 | D:1      | Reached XP level 2. HP: 17/24 MP: 2/2
   270 | D:1      | Reached skill level 1 in Dodging
   369 | D:1      | Reached XP level 3. HP: 12/29 MP: 3/3
  1458 | D:3      | Reached XP level 4. HP: 33/35 MP: 4/4
  1517 | D:3      | Found a shadowy altar of Dithmenos.
  1656 | D:3      | Noticed bollicks1999's ghost (amateur MiFi)
  1672 | D:3      | Slain by bollicks1999's ghost

Action                   |  1- 3 |  4- 6 || total
-------------------------+-------+-------++-------
Melee: Long sword        |   139 |    18 ||   157
  Use: Scroll            |     6 |     2 ||     8
       Potion            |       |     2 ||     2
  Eat: Chunk             |     2 |       ||     2
